 Dungeon Crawl Stone Soup version 0.22-a0-281-g2e20325899 (webtiles) character file.

128 Ikesh the Sneak (level 4, -1/31 HPs)
             Began as a Vampire Enchanter on Mar 17, 2018.
             Slain by an orc
             ... wielding a +0 whip
              (8 damage)
             ... on level 3 of the Dungeon.
             The game lasted 00:12:19 (2596 turns).

Ikesh the Sneak (Vampire Enchanter)                 Turns: 2596, Time: 00:12:19

Health: -1/31      AC:  3    Str:  7    XL:     4   Next: 87%
Magic:  0/7        EV: 12    Int: 17    God:
Gold:   211        SH:  3    Dex: 15    Spells: 1/7 levels left

rFire    . . .     SeeInvis +   n - +1 dagger (drain)
rCold    + . .     Gourm    .   j - +0 buckler
rNeg     + + .     Faith    .   b - +0 robe
rPois    +         Spirit   .   (no helmet)
rElec    .         Reflect  .   (no cloak)
rCorr    .         Harm     .   m - +0 pair of gloves
MR       .....                  (no boots)
Stlth    ++++......             (no amulet)
HPRegen  0.05/turn              (no ring)
MPRegen  0.10/turn              (no ring)

@: regenerating slowly
A: fangs 3, see invisible, unbreathing
a: Bat Form


You were on level 3 of the Dungeon.
You were thirsty.

You visited 1 branch of the dungeon, and saw 3 of its levels.

You collected 211 gold pieces.

Inventory:

Hand Weapons
 n - a +1 dagger of draining (weapon)
Missiles
 h - 90 stones (quivered)
Armour
 b - a +0 robe (worn)
 j - a +0 buckler (worn)
 m - a +0 pair of gloves (worn)
Scrolls
 e - 2 scrolls of identify {unknown}
 f - a scroll of immolation {unknown}
 g - a scroll of random uselessness {unknown}
 i - a scroll of enchant weapon {unknown}
 k - a scroll of remove curse {unknown}
 l - a scroll of teleportation {unknown}
Potions
 c - 2 potions of curing {unknown}
 d - 17 potions of blood


   Skills:
 + Level 0.3 Fighting
 + Level 2.3 Short Blades
 + Level 2.5 Dodging
 + Level 6.1 Stealth
 + Level 0.1 Shields
 + Level 2.4 Spellcasting
 + Level 5.2 Hexes
 + Level 1.2 Ice Magic


You had one spell level left.
You knew the following spells:

 Your Spells              Type           Power        Failure   Level  Hunger
a - Corona                Hex            ###....      3%          1    #......
b - Ensorcelled Hibernat  Hex/Ice        ##....       12%         2    ##.....
c - Confuse               Hex            ###.....     11%         3    ###....


Dungeon Overview and Level Annotations

Branches:
Dungeon (3/15)

Altars:

Annotations:
D:3 ciphuk's ghost, amateur MfMo


Innate Abilities, Weirdness & Mutations

You heal slowly.
You have razor-sharp teeth.
You have supernaturally acute eyesight. (SInv)
You can survive without breathing.


Message History

Press: ? - help, Shift-Dir - straight line, f - orc
Aim: an orc, wielding a whip and wearing a ring mail (chance to defeat MR: 62%)
You miscast Ensorcelled Hibernation.
You are very lightly contaminated with residual magic.
Wisps of condensation drift from your hands.
The orc misses you.
Ciphuk's ghost (amateur Merfolk Monk) comes into view.
Ciphuk's ghost turns its malevolent gaze towards you.
Ciphuk's ghost shrieks, "They lied to you.
The Dungeon just goes down and down forever."
Casting: Ensorcelled Hibernation (safe; 12% risk of failure)
Confirm with . or Enter, or press ? or * to list all spells.
Aiming: Ensorcelled Hibernation (safe; 12% risk of failure)
Press: ? - help, Shift-Dir - straight line, f/p - orc
Aim: an orc, wielding a whip and wearing a ring mail (chance to defeat MR: 62%)
The orc resists with significant effort.
The orc hits you with a whip.
* * * LOW HITPOINT WARNING * * *
Your magical contamination has completely faded away.
The orc hits you with a whip!
You die...

#..# #.# ..# ### #.#
..) ..# #># #.# #.#
#.# #.# #.###.##
##.###.#.....
######...##.#.###) ##
# #.o.W.........# #†
..
#.##@####...#.##.###.
##.
#..........##.##.....
...#
####.####..##.####.##
.$..## #.#
#..........# .....##
#.# ##.##.######
......# #.# #.##.#
......#### #.# #.##.#
......[..# #.# #....#
...#####.# #.# ####.#


You could see ciphuk's ghost and an orc.

Vanquished Creatures
  An orc wizard (D:3)
  3 adders (D:3)
  3 worms
  6 orcs (D:3)
  2 ball pythons
  7 bats
  4 giant cockroaches
  7 goblins
  4 hobgoblins
  5 jackals
  A quokka (D:2)
  3 frilled lizards
  9 kobolds
  A rat (D:3)
56 creatures vanquished.

Notes
Turn   | Place    | Note
-------+----------+-------------------------------------------
     0 | D:1      | Ikesh the Vampire Enchanter began the quest for the Orb.
     0 | D:1      | Reached XP level 1. HP: 13/13 MP: 3/3
   775 | D:1      | Reached XP level 2. HP: 18/19 MP: 3/5
   779 | D:1      | Learned a level 2 spell: Ensorcelled Hibernation
  1468 | D:2      | Reached skill level 5 in Stealth
  1468 | D:2      | Reached XP level 3. HP: 24/24 MP: 3/6
  2256 | D:3      | Reached skill level 5 in Hexes
  2391 | D:3      | Reached XP level 4. HP: 30/30 MP: 0/7
  2455 | D:3      | Reached skill level 1 in Ice Magic
  2463 | D:3      | Learned a level 3 spell: Confuse
  2523 | D:3      | Reached skill level 6 in Stealth
  2576 | D:3      | Noticed ciphuk's ghost (amateur MfMo)
  2596 | D:3      | Slain by an orc

Vault maps used:
D:1:      lightli_iron_boxes
D:3:      first_ration, bloody_trog

Skill      XL: |  1  2  3  4 |
---------------+-------------+-----
Stealth        | 5 6 |  6.1
Short Blades   | 2 |  2.3
Hexes          | 5 |  5.2
Ice Magic      | 1 |  1.2
Fighting       | |  0.3
Dodging        | |  2.5
Shields        | |  0.1
Spellcasting   | |  2.4

Action                   |  1- 3 |  4- 6 || total
-------------------------+-------+-------++-------
Melee: Dagger            |   137 |    29 ||   166
       Bite              |     4 |     1 ||     5
 Cast: Corona            |     5 |       ||     5
       Ensorcelled Hiber |    27 |     5 ||    32
  Use: Potion            |     4 |       ||     4
 Stab: Sleeping          |    24 |     4 ||    28
Armor: Robe              |    27 |     3 ||    30
Dodge: Dodged            |    68 |     9 ||    77
Block: Buckler           |     9 |     2 ||    11

Table legend:
 A = Spawn XP
 B = Non-spawn XP
 C = Spawn XP percentage of total XP
 D = Spawn monster count
 E = Non-spawn monster count
 F = Spawn count percentage of total count
 G = Total turns spent on level
                    A         B        C        D         E        F      G
               +---------+---------+-------+---------+---------+-------+---------
         Total |       0 |     184 |   0.0 |       0 |      56 |   0.0 |  2596
               +---------+---------+-------+---------+---------+-------+---------
           D:1 |       0 |      21 |   0.0 |       0 |      12 |   0.0 |  1272
           D:2 |       0 |      51 |   0.0 |       0 |      25 |   0.0 |   953
           D:3 |       0 |     112 |   0.0 |       0 |      19 |   0.0 |   371
               +---------+---------+-------+---------+---------+-------+---------
